 Dungeon Crawl Stone Soup version 0.25-a0-44-g29a1220a87 (webtiles) character file.

Game seed: 4644057657326368288, levelgen mode: deterministic

330 MalarOregon the Shield-Bearer (level 6, -4/52 HPs)
             Began as a Draconian Fighter on Oct 24, 2019.
             Slain by a centaur (10 damage)
             ... on level 4 of the Dungeon.
             The game lasted 00:05:29 (3068 turns).

MalarOregon the Shield-Bearer (Draconian Fighter)   Turns: 3068, Time: 00:05:30

Health: -4/52      AC:  6    Str: 18    XL:     6   Next: 26%
Magic:  6/6        EV: 11    Int: 10    God:
Gold:   200        SH: 10    Dex: 11    Spells: 5/5 levels left

rFire    . . .     SeeInvis .   a - +0 long sword
rCold    . . .     Gourm    .   b - +1 shield
rNeg     . . .     Faith    .   (armour unavailable)
rPois    .         Spirit   .   (helmet restricted)
rElec    .         Reflect  .   (no cloak)
rCorr    .         Harm     .   (no gloves)
MR       .....                  (no boots)
Stlth    ..........             (no amulet)
HPRegen  0.17/turn              h - ring of attention
MPRegen  0.10/turn              (no ring)

@: no status effects
A: unfitting armour, cold-blooded, AC +6
a: no special abilities


You were on level 4 of the Dungeon.
You were not hungry.

You visited 1 branch of the dungeon, and saw 4 of its levels.

You collected 200 gold pieces.

Inventory:

Hand Weapons
 a - a +0 long sword (weapon)
Missiles
 d - 36 poisoned darts (quivered)
Armour
 b - a +1 shield (worn)
Jewellery
 h - a ring of attention (left hand)
   (You found it on level 1 of the Dungeon)
Scrolls
 f - 2 scrolls of amnesia
Potions
 c - a potion of might
 g - a potion of brilliance {unknown}
 i - 2 potions of curing {unknown}
 m - 3 potions of lignification {unknown}
 n - a potion of mutation {unknown}
 q - a potion of cancellation
 r - a potion of ambrosia {unknown}
Comestibles
 e - 8 rations {!d}
 j - 4 chunks of flesh


   Skills:
 + Level 4.3 Fighting
 * Level 4.2 Long Blades
 + Level 3.6 Dodging
 * Level 4.6 Shields


You had 5 spell levels left.
You didn't know any spells.
Your spell library was empty.

Dungeon Overview and Level Annotations

Branches:
Dungeon (4/15)
 Temple: D:4-7

Altars:
Fedhas
Ru

Annotations:
D:3 2 transporters, Paulus's ghost, amateur OpTm


Innate Abilities, Weirdness & Mutations

Your plain brown scales are hard. (AC +6)
You cannot fit into any form of body armour.
You are cold-blooded and may be slowed by cold attacks.


Message History

No target in view!
e - 8 rations {!d} (gained 1)
There is a stone staircase leading down here.
Found 9 gold pieces.
A centaur comes into view.
The centaur shouts!
The centaur wields a +0 shortbow.
The centaur shoots an arrow.
The arrow hits you.
The centaur shoots an arrow.
You block the arrow.
Found a blossoming altar of Fedhas.
You see here 2 arrows.
A centaur is nearby!
A centaur is nearby!
The centaur unwields a +0 shortbow.
The centaur hits the bush but does no damage.
You see here 9 gold pieces.
The centaur wields a +0 shortbow.
The centaur shoots an arrow.
The arrow hits you.
Found 8 gold pieces.
You see here an arrow.
The centaur shoots an arrow.
The arrow hits you!
* * * LOW HITPOINT WARNING * * *
You see here an arrow.
The centaur shoots an arrow.
You block the arrow.
The centaur shoots an arrow.
You block the arrow.
You see here 3 arrows.
The centaur shoots an arrow.
You block the arrow.
Things that are here:
an arrow; 9 gold pieces The centaur shoots an arrow.
You block the arrow.
The centaur shoots an arrow.
The arrow hits you!
* * * LOW HITPOINT WARNING * * *
You see here 4 arrows.
The centaur shoots an arrow.
The arrow hits you!
* * * LOW HITPOINT WARNING * * *
You see here an arrow.
You start resting.
The centaur shoots an arrow.
You block the arrow.
The centaur unwields a +0 shortbow.
You block the centaur's attack.
You hit the centaur. The centaur hits you.
* * * LOW HITPOINT WARNING * * *
You block the centaur's attack.
You hit the centaur. The centaur misses you. You block the centaur's attack.
You hit the centaur. You block the centaur's attack. x2
You barely miss the centaur. You tail-slap the centaur.
The centaur barely misses you.
You riposte.
You hit the centaur.
Your tail-slap misses the centaur.
You block the centaur's attack.
You closely miss the centaur.
The centaur hits you but does no damage.
The centaur hits you!
You die... #.# #.######## #.##.....# ## ##.##.###.########## .. ## #.#...#............. .. .# ##.##.#.#.########## .PP

.# ####.....#
PPP.#######....##
PP_PP#...(@..>...## .
PcP.P.)####c......## #####
#..PPP(P#####.........####....
#......c((..(..............###
##.###.######.........###### #
.... ##.......## #....
##.....## ....... ##....#
#..$.... ####.#


You could see a centaur.

Vanquished Creatures
  Sigmund (D:2)
  A worker ant (D:4)
  4 adders
  3 gnolls (D:4)
  An ooze (D:1)
  2 worms
  A dart slug (D:1)
  2 leopard geckos
  5 orcs (D:3)
  2 giant cockroaches
  10 goblins
  10 hobgoblins
  6 jackals
  8 kobolds
  A ball python (D:2)
  7 bats
  4 frilled lizards
  7 rats
75 creatures vanquished.

Notes
Turn   | Place    | Note
-------+----------+-------------------------------------------
     0 | D:1      | MalarOregon the Draconian Fighter began the quest for the
                  | Orb.
     0 | D:1      | Reached XP level 1. HP: 19/19 MP: 1/1
   133 | D:1      | Reached XP level 2. HP: 14/26 MP: 2/2
   480 | D:1      | Reached XP level 3. HP: 28/31 MP: 3/3
   785 | D:2      | Noticed Sigmund
  1195 | D:3      | Reached XP level 4. HP: 37/40 MP: 4/4
  1268 | D:3      | Found a transporter.
  1269 | D:3      | Found a transporter.
  1269 | D:3      | Noticed Paulus's ghost (amateur OpTm)
  2184 | D:2      | Killed Sigmund
  2184 | D:2      | Reached XP level 5. HP: 42/46 MP: 5/5
  2284 | D:2      | Found a sacrificial altar of Ru.
  2396 | D:2      | Reached XP level 6. HP: 52/52 MP: 6/6
  3047 | D:4      | Found a blossoming altar of Fedhas.
  3068 | D:4      | Slain by a centaur

Levels and vault maps discovered:
D:1:      minmay_arrival_up_and_down, layout_rooms, minmay_octomino_e4
D:2:      layout_loops_ring, nicolae_ru_awakened_eye, uniq_sigmund
D:3:      layout_rooms, gammafunk_ghost_mausoleum
D:4:      layout_loops_ring, fedhas_bush_and_centaur_altar

Skill      XL: |  1  2  3  4 |
---------------+-------------+-----
Long Blades    | 3 4 |  4.2
Dodging        | 3 |  3.6
Fighting       | 4 |  4.3
Shields        | 4 |  4.6

Action                   |  1- 3 |  4- 6 || total
-------------------------+-------+-------++-------
Melee: Long sword        |   121 |   117 ||   238
       Tailslap          |    11 |    16 ||    27
Throw: Dart              |       |    13 ||    13
  Use: Scroll            |       |     7 ||     7
  Eat: Chunk             |     1 |     6 ||     7
Armor: Skin              |    32 |    29 ||    61
Dodge: Dodged            |    61 |    53 ||   114
Block: Shield            |    92 |    69 ||   161
       Rpst.: Long sword |    18 |     9 ||    27

Table legend:
 A = Non-vault XP
 B = Vault XP
 C = Vault XP percentage of total XP
 D = Non-vault monster count
 E = Vault monster count
 F = Vault count percentage of total count
                 A         B        C        D         E       F
            +---------+---------+-------+---------+---------+-------
      Total |     256 |     216 |  45.8 |      71 |       4 |   5.3
            +---------+---------+-------+---------+---------+-------
        D:1 |      38 |       4 |   9.5 |      18 |       3 |  14.3
        D:2 |      61 |     212 |  77.7 |      22 |       1 |   4.3
        D:3 |      79 |       0 |   0.0 |      26 |       0 |   0.0
        D:4 |      78 |       0 |   0.0 |       5 |       0 |   0.0
            +---------+---------+-------+---------+---------+-------
